 Dungeon Crawl Stone Soup version 0.29-a0-72-g1732ff48e7 (webtiles) character file.

Game seed: 6844851366947796626

3906 siradein the Fighter (level 10, -4/93 HPs)
             Began as a Black Draconian Berserker on Feb 3, 2022.
             Was an Elder of Trog.
             Slain by a shadow (6 damage)
             ... on level 8 of the Dungeon.
             The game lasted 00:14:56 (9115 turns).

siradein the Fighter (Black Draconian Berserker)    Turns: 9115, Time: 00:14:57

Health: -4/93      AC: 14    Str: 19    XL:     10   Next: 0%
Magic:  10/10      EV: 18    Int:  7    God:    Trog [****..]
Gold:   457        SH:  0    Dex: 22    Spells: 9/9 levels left

rFire   . . .      SeeInvis .   g - +3 flail (protect)
rCold   . . .      Faith    .   (no shield)
rNeg    . . .      Spirit   .   (armour unavailable)
rPois   .          Reflect  .   (helmet restricted)
rElec   +          Harm     .   (no cloak)
rCorr   .          Rampage  .   (no gloves)
Will    .....                   (no boots)
Stlth   ++........              D - amulet of the acrobat
HPRegen 0.25/turn               f - +6 ring of dexterity
MPRegen 0.12/turn               (no ring)

@: under a protective aura
A: breathe lightning, AC +7, unfitting armour, electricity resistance,
cold-blooded
a: Breathe Lightning, Renounce Religion, Berserk, Trog's Hand, Brothers in Arms


You were on level 8 of the Dungeon.
You worshipped Trog.
Trog was greatly pleased with you.
You visited 1 branch of the dungeon, and saw 9 of its levels.

You collected 457 gold pieces.

Inventory:

Hand Weapons
 g - a +3 flail of protection (weapon)
Missiles
 b - 3 javelins
 l - 4 atropa-tipped darts
 u - 2 throwing nets
 E - 2 poisoned darts (quivered)
Jewellery
 f - a +6 ring of dexterity (left hand)
 A - a ring of fire
 C - an amulet of magic regeneration
 D - an amulet of the acrobat (around neck)
Wands
 x - a wand of digging (5)
 y - a wand of flame (39)
Scrolls
 d - a scroll of immolation
 e - 6 scrolls of teleportation {unknown}
 i - 5 scrolls of enchant weapon
 o - a scroll of holy word {unknown}
 r - 5 scrolls of fear {unknown}
 t - a scroll of fog {unknown}
 v - a scroll of blinking {unknown}
 w - a scroll of amnesia {unknown}
 B - a scroll of noise {unknown}
Potions
 a - a potion of heal wounds
 c - 6 potions of curing {unknown}
 h - 2 potions of degeneration {unknown}
 j - 5 potions of haste
 k - a potion of brilliance {unknown}
 m - 4 potions of lignification
 n - a potion of magic {unknown}
 p - a potion of attraction {unknown}
 q - a potion of mutation {unknown}
 s - 2 potions of berserk rage
 z - a potion of invisibility {unknown}


   Skills:
 + Level 9.8 Fighting
 + Level 8.9 Maces & Flails
 + Level 8.1 Dodging


You had 9 spell levels left.
You didn't know any spells.
Your spell library was empty.

Dungeon Overview and Level Annotations

Branches:
Dungeon (9/15)             Temple (0/1) D:4
   Lair: D:8-11         Orc: D:9-12

Altars:
Dithmenos
Fedhas
Gozag
Kikubaaqudgha
Makhleb
Okawaru
Vehumet
Wu Jian
Xom
Yredelemnul
Zin
The Shining One


Innate Abilities, Weirdness & Mutations

You can breathe wild blasts of lightning.
Your glossy black scales are hard. (AC +7)
You cannot fit into any form of body armour.
You are resistant to electric shocks. (rElec)
You are cold-blooded and may be slowed by cold attacks.


Message History

You are too injured to fight recklessly!
You are too injured to fight recklessly!
You are too injured to fight recklessly!
You are too injured to fight recklessly!
You hit the shadow.
Your weapon exudes an aura of protection.
The shadow is lightly damaged.
The shadow closely misses you.
You thump the shadow!
The shadow is heavily damaged.
The shadow misses you.
You hit the shadow.
The shadow is severely damaged.
The shadow slips into darkness.
The shadow flickers and vanishes!
Deactivating autopickup; reactivate with Ctrl-A.
You closely miss something.
The shadow strikes at you from the darkness!
* * * LOW HITPOINT WARNING * * *
Reactivating autopickup.
You hit the shadow but do no damage.
You tail-slap the shadow, but do no damage.
The shadow is heavily damaged.
The shadow slips into darkness.
The shadow flickers and vanishes!
Deactivating autopickup; reactivate with Ctrl-A.
You barely miss something.
The shadow strikes at you from the darkness!
* * * LOW HITPOINT WARNING * * *
Reactivating autopickup.
You closely miss the shadow.
The shadow is heavily damaged.
The shadow hits you.
* * * LOW HITPOINT WARNING * * *
You hit the shadow.
The shadow is severely damaged.
You closely miss the shadow.
The shadow is severely damaged.
The shadow hits you.
You die...

#######.#..###.#
#.#..############
#.#....##.......#
#.#.......#####.#
#.###.##..# #...#
#######.........###.###
#.(......###.#....#.####
#####........###.####.#....#
....(..........)@W..#.####.#
.####........###(##.#.####.#
.####........# #.##.#......#
.............# #....########
#.......###### ######
#.......# ##......#
.##.....### ..##......##


You could see a shadow.

Vanquished Creatures
  3 centaur zombies
  Grinder (D:5)
  Menkaure (D:4)
  An acid dragon (D:8)
  An orc warrior (D:7)
  3 ice beasts
  A black bear (D:6)
  3 ogres
  2 centaurs
  A kobold brigand (D:8)
  6 bullfrogs
  A gnoll sergeant (D:5)
  2 scorpions
  A water moccasin skeleton (D:6)
  A troll zombie (D:9)
  6 howler monkeys
  3 wights (D:6)
  2 electric eels (D:8)
  A bullfrog zombie (D:7)
  A hound (D:7)
  A jelly (D:6)
  A gnoll shaman (D:5)
  4 orc priests
  2 centaur skeletons (D:7)
  Natasha (thrice) (D:2)
  Terence (D:1)
  A scorpion zombie (D:5)
  2 iguanas
  7 orc wizards
  20 gnolls
  2 howler monkey skeletons
  6 adders
  A shadow imp (D:7)
  3 white imps
  2 worms
  27 orcs
  3 bats (D:2)
  8 endoplasms
  8 giant cockroaches
  6 goblins
  5 hobgoblins
  4 jackals
  10 kobolds
  2 quokkas
  9 ball pythons
  3 frilled lizards
  An orc skeleton (D:9)
  An orc zombie (D:9)
  7 rats
191 creatures vanquished.

Vanquished Creatures (others)
  An orc wizard (D:8)
1 creature vanquished.

Grand Total: 192 creatures vanquished

Notes
Turn   | Place    | Note
-------+----------+-------------------------------------------
     0 | D:1      | siradein the Draconian Berserker began the quest for the
                  | Orb.
     0 | D:1      | Reached XP level 1. HP: 19/19 MP: 1/1
   140 | D:1      | Found a faded altar of an unknown god.
   221 | D:1      | Reached XP level 2. HP: 4/26 MP: 2/2
   819 | D:1      | Reached ** piety under Trog
   945 | D:1      | Reached XP level 3. HP: 25/33 MP: 3/3
  1088 | D:2      | Noticed Terence
  1161 | D:1      | Killed Terence
  1162 | D:1      | Reached skill level 4 in Fighting
  1162 | D:1      | Reached XP level 4. HP: 16/38 MP: 4/4
  1571 | D:2      | Noticed Natasha
  1580 | D:2      | Killed Natasha
  1715 | D:2      | Reached XP level 5. HP: 47/47 MP: 5/5
  1980 | D:2      | Noticed Natasha
  1988 | D:2      | Killed Natasha
  2122 | D:2      | Noticed Natasha
  2129 | D:2      | Killed Natasha
  2573 | D:3      | Reached skill level 5 in Fighting
  2591 | D:3      | Reached XP level 6. HP: 49/56 MP: 6/6
  2643 | D:3      | Reached *** piety under Trog
  2690 | D:3      | Found a basalt altar of Yredelemnul.
  3316 | D:4      | Found a staircase to the Ecumenical Temple.
  3474 | D:4      | Found a shimmering altar of Xom.
  3538 | D:4      | Found a shadowy altar of Dithmenos.
  3596 | D:4      | Noticed Menkaure
  3602 | D:4      | Killed Menkaure
  3603 | D:4      | Reached skill level 5 in Maces & Flails
  3603 | D:4      | Your scales start taking on a glossy black colour.
  3603 | D:4      | Reached XP level 7. HP: 61/62 MP: 7/7
  3603 | D:4      | Gained mutation: You are resistant to electric shocks.
                  | (rElec) [Black Draconian growth]
  3844 | D:4      | Found an iron altar of Okawaru.
  3927 | D:4      | Found a burning altar of Makhleb.
  3965 | D:5      | Entered Level 5 of the Dungeon
  3968 | D:5      | Found a blossoming altar of Fedhas.
  4088 | D:5      | Reached skill level 6 in Fighting
  4099 | D:5      | Reached skill level 5 in Dodging
  4479 | D:5      | Reached XP level 8. HP: 37/71 MP: 8/8
  5102 | D:5      | Reached skill level 7 in Fighting
  5103 | D:5      | Reached **** piety under Trog
  5271 | D:5      | Noticed Grinder
  5282 | D:5      | Paralysed by Grinder for 3 turns
  5289 | D:5      | Killed Grinder
  5868 | D:6      | Found an ancient bone altar of Kikubaaqudgha.
  5871 | D:6      | Found a radiant altar of Vehumet.
  5872 | D:6      | Found an opulent altar of Gozag.
  5897 | D:6      | Found an ornate altar of the Wu Jian Council.
  6014 | D:6      | Reached skill level 8 in Fighting
  6014 | D:6      | Reached XP level 9. HP: 48/82 MP: 9/9
  7384 | D:7      | Reached skill level 9 in Fighting
  8869 | D:8      | Found a glowing golden altar of the Shining One.
  8921 | D:8      | Found a glowing silver altar of Zin.
  9102 | D:9      | Reached XP level 10. HP: 76/93 MP: 10/10
  9113 | D:8      | HP: 1/93 [shadow (6)]
  9115 | D:8      | Slain by a shadow

Illustrated notes

Levels and vault maps discovered:
D:1:      minmay_arrival_doors, layout_rooms, ebering_ecumenical_altar_mist,
          minmay_worlds_worst_comb
D:2:      layout_rooms, uniq_natasha, uniq_terence
D:3:      layout_loops_corners, amcnicky_altar_gilded,
          chequers_serial_rivers_marsh
D:4:      layout_cave_pools, kennysheep_mini_moat, lightli_temple_of_fire,
          mainiacjoe_overflow_paths, general_overflow_altar,
          minmay_temple_entry_statues_fountains, uniq_menkaure
D:5:      layout_loops_ring, mainiacjoe_overflow_concentric_impassable,
          uniq_grinder
D:6:      layout_cave_pods, mainiacjoe_overflow_six_doors_small,
          grunt_temple_overflow_open, minivault_25, minmay_circle_x
D:7:      layout_cave_pools, chequers_serial_rivers_large_a
D:8:      layout_basic, lemuel_tele_altar, tso_metal_star, minivault_4
D:9:      minmay_tri_box, layout_stronghold, nicolae_qazlal_scattered_showers,
          zombieorc2_lemuel, minmay_crystal_water, minmay_holes,
          nicolae_shop_firing_range, uniq_psyche

Skill      XL: |  1  2  3  4  5  6  7  8  9 |
---------------+----------------------------+-----
Dodging        | 3 4 5 6 8 |  8.1
Fighting       | 4 5 6 8 9 |  9.8
Maces & Flails | 4 5 6 7 8 |  8.9

Action                   |  1- 3 |  4- 6 |  7- 9 | 10-12 || total
-------------------------+-------+-------+-------+-------++-------
Melee: Mace              |    93 |    52 |       |       ||   145
       Tailslap          |     5 |    18 |    66 |     3 ||    92
       Flail             |       |    94 |   347 |    12 ||   453
       Punch             |       |       |     5 |       ||     5
Throw: Throwing net      |     1 |       |       |       ||     1
Invok: Berserk           |       |     2 |       |       ||     2
 Abil: Breathe Lightning |       |       |    11 |       ||    11
  Use: Scroll            |       |       |     6 |       ||     6
 Stab: Sleeping          |       |     2 |     2 |       ||     4
       Distracted        |       |     1 |       |       ||     1
Armor: Skin              |    23 |    27 |   136 |     2 ||   188
Dodge: Dodged            |    77 |    97 |   374 |     8 ||   556

Table legend: (Time is in decaauts)
 A = Elapsed time spent in this place.
 B = Non-inter-level travel time spent in this place.
 C = Inter-level travel time spent in this place.
 D = Time resting spent in this place.
 E = Time spent auto-exploring this place.
 F = Levels seen in this place.
 G = Mean time per level.
                   A        B        C        D        E       F      G
               +--------+--------+--------+--------+--------+-----+--------+
         Total |   9225 |   9024 |    201 |   1022 |   6395 |   9 | 1025.0 |
       Dungeon |   9225 |   9024 |    201 |   1022 |   6395 |   9 | 1025.0 |
               +--------+--------+--------+--------+--------+-----+--------+

Top non-repeatable levels by time:
     D:6: 1838 daAuts
     D:5: 1482 daAuts
     D:1: 1300 daAuts
     D:8: 1043 daAuts
     D:3: 1036 daAuts
     D:2: 1025 daAuts
     D:7: 778 daAuts
     D:4: 685 daAuts
     D:9: 32 daAuts
